 Dungeon Crawl Stone Soup version 0.30-a0-222-ge547ba4400 (webtiles) character file.

Game seed: 11120710266331976984

1782 Aibolit the Cleaver (level 9, 0/78 HPs)
             Began as a Hill Orc Fighter on Oct 8, 2022.
             Was an Initiate of Gozag.
             Succumbed to Duvessa's poison
             ... on level 7 of the Dungeon.
             The game lasted 00:09:06 (6473 turns).

Aibolit the Cleaver (Hill Orc Fighter)              Turns: 6473, Time: 00:09:07

Health: 0/78       AC: 11    Str: 29    XL:     9   Next: 8%
Magic:  10/18      EV: 10    Int:  8    God:    Gozag
Gold:   752        SH:  5    Dex: 10    Spells: 8/8 levels left

rFire   . . .      SeeInvis .    a - +0 war axe
rCold   + . .      Faith    .    c - +0 buckler
rNeg    . . .      Spirit   +    E - +2 scale mail {rC+}
rPois   .          Reflect  .    (no helmet)
rElec   .          Harm     .    w - +0 cloak
rCorr   .          Rampage  .    (no gloves)
Will    .....                    (no boots)
Stlth   ..........               B - amulet of guardian spirit
HPRegen 0.33/turn                k - +6 ring of strength
MPRegen 0.16/turn                F - ring of magical power

@: lethally poisoned (0 -> -23), gold aura
A: no striking features
a: Renounce Religion, Potion Petition, Call Merchant, Bribe Branch


You were on level 7 of the Dungeon.
You worshipped Gozag.
Gozag was pleased with you.
You visited 1 branch of the dungeon, and saw 7 of its levels.

You collected 785 gold pieces.
You donated 9 gold pieces to Zin.
You paid 24 gold pieces to Gozag.

Inventory:

Hand Weapons
 a - a +0 war axe (weapon)
Armour
 c - a +0 buckler (worn)
 j - a +0 chain mail
 w - a +0 cloak (worn)
 E - a +2 scale mail of cold resistance (worn)
Jewellery
 k - a +6 ring of strength (left hand)
 l - a ring of resist corrosion
 B - an amulet of guardian spirit (around neck)
 F - a ring of magical power (right hand)
 G - an amulet of reflection
Wands
 d - a wand of polymorph (3)
 v - a wand of digging (1)
 y - a wand of iceblast (11)
Scrolls
 e - 3 scrolls of torment
 g - 10 scrolls of identify
 h - 3 scrolls of butterflies {unknown}
 o - 5 scrolls of teleportation
 p - 2 scrolls of magic mapping {unknown}
 q - a scroll of amnesia {unknown}
 r - a scroll of vulnerability
 s - a scroll of enchant armour {unknown}
 t - a scroll of poison {unknown}
 A - a scroll of immolation {unknown}
 C - a scroll of enchant weapon {unknown}
 I - a scroll of summoning {unknown}
 J - a scroll of noise {unknown}
Potions
 f - 2 potions of heal wounds {unknown}
 i - 3 potions of degeneration {unknown}
 m - 2 potions of flight {unknown}
 n - a potion of invisibility {unknown}
 u - 3 potions of lignification {unknown}
 x - 5 potions of curing {unknown}
 z - 2 potions of attraction {unknown}
 H - a potion of mutation {unknown}


   Skills:
 + Level 6.5 Fighting
 + Level 10.2 Axes
 + Level 7.1 Armour
 + Level 1.6 Dodging
 + Level 0.4 Stealth
 + Level 5.0 Shields


You had 8 spell levels left.
You didn't know any spells.
Your spell library contained the following spells:

 Spells                   Type           Power      Damage    Failure   Level
 Inner Flame              Hex/Fire       0%         N/A       97%         3
 Portal Projectile        Hex/Tloc       0%         N/A       97%         3
 Tukima's Dance           Hex            0%         N/A       97%         3
 Flame Wave               Conj/Fire      0%         2d4       100%        4
 Sticky Flame             Conj/Fire      0%         2d3       100%        4
 Blade Hands              Tmut           0%         N/A       100%        5


Dungeon Overview and Level Annotations

Branches:
Dungeon (7/15)             Temple (0/1) D:7

Altars:
Gozag
Hepliaklqana
Trog
Zin

Shops:
D:3 =

Annotations:
D:7 Duvessa


Message History

You are more poisoned.
The howler monkey hits you. Duvessa closely misses you.
You closely miss Duvessa.
Duvessa is heavily wounded.
You completely miss the howler monkey.
You feel extremely sick.
Duvessa hits you with a +1 short sword of venom!
The howler monkey hoots and howls with incredible vigour!
Duvessa closely misses you.
You hear an angry buzzing noise. x2
You hit Duvessa but do no damage.
Duvessa is heavily wounded.
You closely miss the howler monkey.
You feel very sick.
The howler monkey hits you but does no damage.
Duvessa hits you with a +1 short sword of venom!
* * * LOW HITPOINT WARNING * * *
You are lethally poisoned!
The howler monkey hits you but does no damage.
You slash Duvessa!
Duvessa is severely wounded.
You slash the howler monkey!
You kill the howler monkey!
* * * LOW HITPOINT WARNING * * *
You feel extremely sick. Duvessa closely misses you.
You block Duvessa's attack.
Read: scroll of fear
Press: ? - help, Q - select action, (/) - cycle Dir - look around, f - activate You can't see that place. [the floor.]
As you read the scroll of fear, it crumbles to dust.
You assume a fearsome visage.
Duvessa is unaffected.
The ogre looks frightened!
* * * LOW HITPOINT WARNING * * *
You feel very sick. Duvessa closely misses you.
You barely miss Duvessa.
Duvessa is severely wounded.
You die...
Your body crumbles into a pile of gold.

###....#.# #.............# #...
#.####.# #..####.. #.#####' ###.#
.# #..####..# #....... ....# .#
#..##....# #.###### ##..# .#
#..##.##.# #.# # #..#
#.#####..##.##.# #.# #
##..####..?...O..#<##.####.######
....^..#.#####.$.#.##............
######.#.## #.e@)...........>...
# #....####.#.>...<.......####
### #........###............#
..#####...##.#.#.#..##.......#
..#.........###.###..#...[...#
>........###.#.## #.............
..#.####.# #.# #..#####.#####
....# #[# ##.# #.... ..# #####
#.# #...##### ####


You could see Duvessa (berserk) and an ogre (fleeing).

Vanquished Creatures
  A black bear (D:5)
  4 ice beasts
  An ogre (D:5)
  A phantom (D:5)
  A kobold brigand (D:6)
  A bullfrog (D:6)
  Blork the orc (D:5)
  2 scorpions
  A necrophage (D:7)
  A gnoll sergeant (D:7)
  Dowan (D:7)
  2 killer bees (D:7)
  A howler monkey (D:7)
  A jelly (D:4)
  A gnoll bouda (D:6)
  2 hounds
  4 iguanas
  3 orc wizards
  7 gnolls
  6 adders
  A shadow imp (D:5)
  5 white imps
  2 worms
  2 dart slugs
  3 orcs
  12 ball pythons
  3 bats
  3 endoplasms
  4 giant cockroaches
  9 goblins
  5 hobgoblins
  2 quokkas
  6 frilled lizards
  10 kobolds
  10 rats
119 creatures vanquished.

Notes
Turn   | Place    | Note
-------+----------+-------------------------------------------
     0 | D:1      | Aibolit the Hill Orc Fighter began the quest for the Orb.
     0 | D:1      | Reached XP level 1. HP: 19/19 MP: 1/1
    70 | D:1      | Reached XP level 2. HP: 27/27 MP: 2/2
   414 | D:1      | Reached skill level 3 in Axes
   792 | D:2      | Reached XP level 3. HP: 28/33 MP: 3/3
  1545 | D:3      | Reached skill level 4 in Axes
  1545 | D:3      | Reached XP level 4. HP: 41/41 MP: 4/4
  1815 | D:3      | Found a glowing silver altar of Zin.
  1840 | D:3      | Found an opulent altar of Gozag.
  1869 | D:3      | Became a worshipper of Zin the Law-Giver
  1957 | D:3      | Reached * piety under Zin
  2004 | D:3      | Found a hazy altar of Hepliaklqana.
  2253 | D:3      | Found Lyid's Jewellery Emporium.
  2414 | D:3      | Fell from the grace of Zin
  2414 | D:3      | Became a worshipper of Gozag Ym Sagoz the Greedy
  2653 | D:4      | Reached XP level 5. HP: 47/47 MP: 5/5
  2914 | D:4      | Reached skill level 5 in Axes
  3108 | D:5      | Entered Level 5 of the Dungeon
  3169 | D:5      | Noticed Blork the orc
  3181 | D:5      | Killed Blork the orc
  3302 | D:5      | Reached XP level 6. HP: 55/55 MP: 6/6
  3378 | D:5      | Noticed a black bear
  3391 | D:5      | Killed a black bear
  3392 | D:5      | Reached skill level 5 in Fighting
  3392 | D:5      | Reached skill level 6 in Axes
  3533 | D:5      | Reached skill level 7 in Axes
  3533 | D:5      | Reached XP level 7. HP: 36/61 MP: 5/7
  4131 | D:6      | Reached skill level 5 in Armour
  4258 | D:5      | Reached skill level 8 in Axes
  4271 | D:5      | Reached XP level 8. HP: 45/70 MP: 8/8
  4585 | D:6      | Found a bloodstained altar of Trog.
  4823 | D:6      | Reached skill level 1 in Dodging
  5182 | D:6      | Reached skill level 9 in Axes
  5702 | D:7      | Found a staircase to the Ecumenical Temple.
  5962 | D:7      | Noticed Duvessa
  5962 | D:7      | Noticed Dowan
  5972 | D:7      | Reached skill level 5 in Shields
  5973 | D:7      | Reached XP level 9. HP: 69/78 MP: 9/9
  5977 | D:7      | Killed Dowan
  5978 | D:7      | Reached skill level 10 in Axes
  6473 | D:7      | Succumbed to Duvessa's poison

Illustrated notes

Levels and vault maps discovered:
D:1:      dpeg_arrival_lava_altar, layout_basic,
          amcnicky_mini_rare_corridor_liquid
D:2:      layout_loops_ring, minmay_misc_feat_tower
D:3:      layout_basic, pdpol_temple_overflow_zin_treasury_gozag_greed,
          lemuel_tele_altar, serial_glass, glass_columns_c, glass_columns_a,
          serial_shops, shop
D:4:      layout_loops_ring
D:5:      layout_basic, kennysheep_potato, uniq_blork_the_orc
D:6:      layout_layer_cave, amcnicky_altar_gilded, minmay_chambers_of_fives
D:7:      layout_loops_ring, minmay_temple_entry_hall,
          hangedman_decor_clover_reticule, minmay_bent, uniq_duvessa

Skill      XL: |  1  2  3  4  5  6  7  8  9 |
---------------+----------------------------+-----
Fighting       | 4 5 6 |  6.5
Axes           | 3 4 5 7 8 9 10 | 10.2
Armour         | 4 5 7 |  7.1
Shields        | 4 5 |  5.0
Dodging        | 1 |  1.6
Stealth        | |  0.4

Action                   |  1- 3 |  4- 6 |  7- 9 || total
-------------------------+-------+-------+-------++-------
Melee: War axe           |   102 |   106 |   175 ||   383
       Unarmed           |       |       |     5 ||     5
  Use: Scroll            |     1 |     3 |     2 ||     6
       Potion            |       |       |     2 ||     2
 Stab: Distracted        |       |       |     1 ||     1
Armor: Scale mail        |    26 |       |    84 ||   110
       Chain mail        |    31 |    49 |     2 ||    82
Dodge: Dodged            |    41 |    40 |    94 ||   175
Block: Buckler           |    29 |    25 |    33 ||    87

Table legend: (Time is in decaauts)
 A = Elapsed time spent in this place.
 B = Non-inter-level travel time spent in this place.
 C = Inter-level travel time spent in this place.
 D = Time resting spent in this place.
 E = Time spent auto-exploring this place.
 F = Levels seen in this place.
 G = Mean time per level.
                   A        B        C        D        E       F      G
               +--------+--------+--------+--------+--------+-----+--------+
         Total |   6560 |   6069 |    491 |    345 |   4705 |   7 |  937.1 |
       Dungeon |   6560 |   6069 |    491 |    345 |   4705 |   7 |  937.1 |
               +--------+--------+--------+--------+--------+-----+--------+

Top non-repeatable levels by time:
     D:6: 1447 daAuts
     D:5: 1148 daAuts
     D:3: 931 daAuts
     D:2: 795 daAuts
     D:7: 794 daAuts
     D:1: 779 daAuts
     D:4: 663 daAuts
